 Dungeon Crawl Stone Soup version 0.31-a0-358-gac0dbeb3ab (webtiles) character file.

Game seed: 4310127102580515308

651 Bnni the Ruffian (level 7, -6/47 HPs)
             Began as an Octopode Shapeshifter on July 25, 2023.
             Was an Initiate of Gozag.
             Mangled by an orc priest
             ... wielding a +0 flail
              (8 damage)
             ... on level 7 of the Dungeon.
             The game lasted 00:04:39 (3231 turns).

Bnni the Ruffian (Octopode Shapeshifter)            Turns: 3231, Time: 00:04:39

Health: -6/47      AC:  1    Str: 15    XL:     7   Next: 53%
Magic:  0/7        EV: 14    Int: 10    God:    Gozag
Gold:   143        SH:  0    Dex: 14    Spells: 6/6 levels left

rFire   . . .        c - +5 spear (venom)
rCold   . . .        u - +0 buckler
rNeg    . . .        (helmet currently unavailable)
rPois   .            g - amulet of guardian spirit
rElec   .            (no ring)
rCorr   .            (no ring)
SInv    .            (no ring)
Will    .....        (no ring)
Stlth   ++           (no ring)
HPRegen 0.27/turn    (no ring)
MPRegen 0.10/turn    (no ring)
                     (no ring)

%: guardian spirit
@: confused, beast-form
A: beast (slay +3), almost no armour, amphibious, 8 rings, camouflage 1,
gelatinous body 1, (nimble swimmer 1), tentacles
a: Begin Untransformation, Renounce Religion, Potion Petition, Call Merchant,
Bribe Branch


You were on level 7 of the Dungeon.
You worshipped Gozag.
Gozag was aware of your devotion.
You were a hulking beast.
You visited 2 branches of the dungeon, and saw 7 of its levels.

You collected 257 gold pieces.
You paid 114 gold pieces to Gozag.

Inventory:

Hand Weapons
 c - a +5 spear of venom (weapon)
Missiles
 o - 12 poisoned darts
Armour
 u - a +0 buckler (worn)
Jewellery
 a - a ring of fire
 g - an amulet of guardian spirit (around mantle)
Talismans
 b - a beast talisman
Wands
 d - a wand of flame (20)
Scrolls
 e - 3 scrolls of identify {unknown}
 i - a scroll of enchant armour {unknown}
 j - a scroll of poison {unknown}
 l - 2 scrolls of enchant weapon {unknown}
 n - a scroll of fear {unknown}
 p - a scroll of fog {unknown}
 q - a scroll of blinking {unknown}
 r - a scroll of teleportation {unknown}
 t - a scroll of brand weapon {unknown}
Potions
 h - a potion of degeneration {unknown}
 k - a potion of resistance {unknown}
 m - a potion of invisibility {unknown}
 s - a potion of berserk rage {unknown}


   Skills:
 + Level 3.9 Fighting
 + Level 4.3 Dodging
 + Level 5.0 Unarmed Combat
 + Level 4.4 Shapeshifting


You had 6 spell levels left.
You didn't know any spells.
Your spell library contained the following spells:

 Spells                   Type           Power      Damage    Failure   Level
 Lesser Beckoning         Tloc           0%         N/A       61%         2
 Static Discharge         Conj/Air       0%         2-2/arc   61%         2
 Gell's Gravitas          Tloc           0%         N/A       83%         3
 Inner Flame              Hex/Fire       0%         N/A       83%         3
 Teleport Other           Tloc           0%         N/A       83%         3
 Airstrike                Air            0%         2d(0-16)  99%         4
 Flame Wave               Conj/Fire      0%         2d4       99%         4
 Sticky Flame             Conj/Fire      0%         2d3       99%         4
 Summon Lightning Spire   Summ/Air       0%         N/A       99%         4


Dungeon Overview and Level Annotations

Branches:
Dungeon (7/15)             Temple (1/1) D:7

Altars:
Ashenzari
Fedhas
Gozag
Hepliaklqana
Makhleb
Nemelex Xobeh
Okawaru
Qazlal
Ru
Sif Muna
Trog
Uskayaw
Vehumet
Wu Jian
Xom
Yredelemnul
Zin
The Shining One

Shops:
D:3 =   D:7 *


Innate Abilities, Weirdness & Mutations

You are a hulking beast.
Your limbs bulge with bestial killing power. (Slay +3)
You cannot wear most types of armour.
You are amphibious.
You can wear up to eight rings at the same time.
Your skin changes colour to match your surroundings (Stealth+).
Your rubbery body absorbs attacks. (AC +1, EV +1)
((You are camouflaged when in or above water. (Stealth+)))
You have tentacles for arms and can constrict up to eight enemies at once.


Message History

The orc wizard mumbles some strange words.
The orc wizard flickers and vanishes!
Deactivating autopickup; reactivate with Ctrl-A.
You hit the iguana but do no damage. You squeeze the iguana!
The iguana is heavily wounded.
You constrict the iguana. The iguana barely misses you.
The orc priest invokes the aid of Beogh against you.
Beogh smites you!
You completely miss the iguana.
The iguana is severely wounded.
You constrict the iguana. You block the iguana's attack.
You are confused.
You're too confused to move!
You constrict the iguana. The orc closely misses you. The iguana bites you!
Unknown command.
You release your grip on the iguana.
The orc attacks as you move away! The orc hits you but does no damage.
The orc priest invokes the aid of Beogh against you.
Beogh smites you!
Things that are here:
a +0 flail; 6 gold pieces
Okay, then.
You barely miss the iguana.
You squeeze the iguana, but do no damage.
The iguana is almost dead.
The iguana bites you.
* * * LOW HITPOINT WARNING * * *
Unknown command.
You're too confused to move!
The iguana bites you!
* * * LOW HITPOINT WARNING * * *
You closely miss the orc.
The orc hits you with a +2 mace of holy wrath.
* * * LOW HITPOINT WARNING * * *
The iguana barely misses you.
Unknown command.
Unknown command.
You miss the orc priest. The iguana barely misses you.
The orc priest hits you with a +0 flail!
You die...
Your body crumbles into a pile of gold.

####### #..##.# ... #.....
#<....###.###..#...........
#..[..#.............>......
#.......#.####.#......>....
#.........####.#.....
#.......#...##.....#
######....#.#......#
##...#oo...#.#
#..#.h..)#.#.####.
#...###l#..........
#.#.##.o###..#o...
#............l...<..
#.#.#.#.######......
..#.#... #..... .# ###..#
..... .. ...# #.# ..#


You could see an iguana, an orc priest and 2 orcs.

Vanquished Creatures
  Sigmund (D:4)
  A water moccasin (D:7)
  A centaur (D:7)
  A gnoll sergeant (Temple)
  3 orc priests
  A jelly (D:6)
  An orc wizard (D:7)
  3 gnolls (D:7)
  An ufetubus (D:7)
  A dart slug (D:1)
  5 orcs
  6 bats
  3 endoplasms
  2 giant cockroaches
  5 goblins
  A hobgoblin (D:1)
  3 jackals (D:3)
  4 quokkas (D:1)
  8 ball pythons
  5 frilled lizards
  6 kobolds
  9 rats
71 creatures vanquished.

Notes
Turn   | Place    | Note
-------+----------+-------------------------------------------
     0 | D:1      | Bnni the Octopode Shapeshifter began the quest for the Orb.
     0 | D:1      | Reached XP level 1. HP: 13/13 MP: 1/1
    69 | D:1      | Reached XP level 2. HP: 18/18 MP: 2/2
   472 | D:1      | Reached XP level 3. HP: 23/23 MP: 3/3
  1594 | D:3      | Reached XP level 4. HP: 21/29 MP: 4/4
  1859 | D:3      | Reached XP level 5. HP: 31/34 MP: 5/5
  2047 | D:3      | Found Awilaj's Jewellery Shop.
  2274 | D:4      | Noticed Sigmund
  2507 | D:4      | Killed Sigmund
  2508 | D:4      | Reached skill level 4 in Unarmed Combat
  2508 | D:4      | Reached XP level 6. HP: 42/42 MP: 6/6
  2625 | D:4      | You fall into a shaft and drop 3 floors!
  2692 | D:7      | Found Hoxkom's Overcharged Wands.
  2707 | D:7      | Noticed a water moccasin
  2712 | D:7      | Killed a water moccasin
  2756 | D:7      | Found a staircase to the Ecumenical Temple.
  2781 | D:7      | Reached XP level 7. HP: 23/46 MP: 1/7
  2855 | Temple   | Entered the Ecumenical Temple
  2861 | Temple   | HP: 2/46 [gnoll sergeant/+5 spear of venom (11)]
  2880 | Temple   | Became a worshipper of Gozag Ym Sagoz the Greedy
  3204 | D:7      | Reached skill level 5 in Unarmed Combat
  3230 | D:7      | HP: 2/47 [orc/+2 mace of holy wrath (2)]
  3231 | D:7      | Mangled by an orc priest

Illustrated notes

Levels and vault maps discovered:
D:1:      beargit_arrival_greenhouse, layout_basic,
          minmay_misc_feat_four_crosses
D:2:      layout_basic, serial_bayou_pond_a
D:3:      layout_loops_ring, serial_shops, nicolae_shop_real_fake_doors
D:4:      layout_gridville, kennysheep_generic_room_10, uniq_sigmund
D:6:      layout_cave_pools, chequers_temple_overflow_minitemple,
          serial_gnoll_camp, gnoll_camp_mini_loothouse, gnoll_camp_medium_02,
          gnoll_camp_medium_01, gnoll_camp_mini_doghouse, gnoll_camp_mini_basic,
          serial_shops, shop, shop, shop,
          nicolae_shop_temple_entry_statues_fountains, uniq_grinder,
          uniq_menkaure
D:7:      layout_rooms, minmay_temple_entry_proselytizer, serial_shops,
          nicolae_shop_tiny_waterfront, chequers_hall_statues_wall_a,
          nicolae_shop_overcharged_wands
Temple:   eino_narrow_crystal_temple

Skill      XL: |  1  2  3  4  5  6  7 |
---------------+----------------------+-----
Fighting       | 2 3 |  3.9
Dodging        | 3 4 |  4.3
Unarmed Combat | 4 5 |  5.0
Shapeshifting  | 4 |  4.4

Action                     |  1- 3 |  4- 6 |  7- 9 || total
---------------------------+-------+-------+-------++-------
  Melee: Unarmed           |    22 |       |       ||    22
         Constrict         |    11 |    15 |     7 ||    33
         Tentacles         |    10 |    14 |     8 ||    32
         Short sword       |    44 |    59 |     7 ||   110
         Punch             |     2 |     2 |       ||     4
         Spear             |       |       |    18 ||    18
  Throw: Dart              |       |     6 |       ||     6
    Use: Potion            |       |     3 |     3 ||     6
   Stab: Sleeping          |     5 |     2 |       ||     7
         Distracted        |       |     1 |       ||     1
 Armour: Skin              |     6 |     9 |     2 ||    17
  Dodge: Dodged            |    40 |    31 |    27 ||    98
  Block: Buckler           |       |     3 |     4 ||     7

Table legend: (Time is in decaauts)
 A = Elapsed time spent in this place.
 B = Non-inter-level travel time spent in this place.
 C = Inter-level travel time spent in this place.
 D = Time resting spent in this place.
 E = Time spent auto-exploring this place.
 F = Levels seen in this place.
 G = Mean time per level.
                   A        B        C        D        E       F      G
               +--------+--------+--------+--------+--------+-----+--------+
         Total |   3235 |   3169 |     66 |    573 |   2035 |   7 |  462.1 |
       Dungeon |   2900 |   2861 |     39 |    284 |   2035 |   6 |  483.3 |
        Temple |    334 |    307 |     27 |    289 |      0 |   1 |  334.0 |
               +--------+--------+--------+--------+--------+-----+--------+

Top non-repeatable levels by time:
     D:3: 941 daAuts
     D:1: 763 daAuts
     D:2: 737 daAuts
  Temple: 334 daAuts
     D:7: 267 daAuts
     D:4: 181 daAuts
     D:6: 9 daAuts
